 Dungeon Crawl Stone Soup version 0.21-a0-225-g207ae17 (webtiles) character file.

161 KristoblXynda the Insei (level 5, -6/45 HPs)
             Began as a Draconian Monk on Aug 28, 2017.
             Engulfed by a cloud of flame (25 damage)
             ... on level 3 of the Dungeon.
             The game lasted 00:04:48 (2373 turns).

KristoblXynda the Insei (Draconian Monk)            Turns: 2373, Time: 00:04:48

Health: -6/45      AC:  5    Str: 13    XL:     5   Next: 19%
Magic:  7/14       EV: 13    Int: 11    God:
Gold:   133        SH:  0    Dex: 14    Spells: 4/4 levels left

rFire    . . .     SeeInvis .     - Unarmed
rCold    . . .     Gourm    +   (no shield)
rNeg     + . .     Faith    .   (armour unavailable)
rPois    .         Spirit   .   (helmet restricted)
rElec    .         Reflect  .   (no cloak)
rCorr    .         Harm     .   (no gloves)
MR       .....                  (no boots)
Stlth    ++........             h - amulet of the gourmand
HPRegen  0.15/turn              l - ring of magical power
MPRegen  0.14/turn              i - ring of positive energy

@: no status effects
A: unfitting armour, cold-blooded, AC +5
a: no special abilities


You were on level 3 of the Dungeon.
You were not hungry.

You visited 1 branch of the dungeon, and saw 3 of its levels.

You collected 133 gold pieces.

Inventory:

Jewellery
 h - an amulet of the gourmand (around neck)
 i - a ring of positive energy (right hand)
 l - a ring of magical power (left hand)
Wands
 j - a wand of flame (25/48)
Scrolls
 b - 3 scrolls of identify {unknown}
 k - a scroll of blinking {unknown}
Potions
 c - 2 potions of heal wounds {unknown}
 d - 3 potions of curing {unknown}
 e - a potion of cancellation {unknown}
Comestibles
 a - 2 bread rations
 f - 2 meat rations
 g - 2 royal jellies


   Skills:
 - Level 3.2 Fighting
 - Level 2.6 Dodging
 + Level 3.7 Stealth
 + Level 4.8 Unarmed Combat
 + Level 0.0 Evocations


You had 4 spell levels left.
You didn't know any spells.

Dungeon Overview and Level Annotations

Branches:
Dungeon (3/15)

Altars:
Gozag
Vehumet
Yredelemnul


Innate Abilities, Weirdness & Mutations

Your plain brown scales are hard. (AC +5)
You cannot fit into any form of body armour.
You are cold-blooded and may be slowed by cold attacks.


Message History

Put on which piece of jewellery? (? for menu, Esc to quit)
i - a ring of positive energy (right hand) Put on which piece of jewellery? (? for menu, Esc to quit)
You feel a craving for the dungeon's cuisine.
h - an amulet of the gourmand (around neck) Drop what? 12/52 slots (_ for help) (? for menu, Esc to quit)
Okay, then.
Unknown command.
You now have 133 gold pieces (gained 13).
Really walk into a travel-excluded area?
Really walk into that cloud of flame?
Okay, then.
You are engulfed in blazing flames.
Ouch! That really hurt!
The helpless kobold fails to defend itself.
You hit the kobold. You tail-slap the kobold.
You kill the kobold!
You are engulfed in blazing flames.
Ouch! That really hurt!
You die...

####### #$....
#...### #.§...##.#
#...§@)..#
#####.._..####
#.....§.§.#
#.###§....#
##.######.####
#............#
#########
#.....###.##.# #..
.... .........#
#.##<# ##.###.##
####.....#
#.##.###...#.<.####


There were no monsters in sight!

Vanquished Creatures
  Jessica (D:2)
  Terence (D:2)
  4 adders (D:2)
  2 worms (D:2)
  2 dart slugs (D:1)
  A leopard gecko (D:1)
  An orc (D:2)
  A ball python (D:1)
  8 bats
  4 giant cockroaches
  11 goblins
  6 hobgoblins
  2 jackals (D:2)
  2 frilled lizards
  7 kobolds
  7 rats
60 creatures vanquished.

Notes
Turn   | Place    | Note
-------+----------+-------------------------------------------
     0 | D:1      | KristoblXynda the Draconian Monk began the quest for the Orb.
     0 | D:1      | Reached XP level 1. HP: 19/19 MP: 1/1
   198 | D:1      | Reached XP level 2. HP: 23/26 MP: 2/2
   534 | D:1      | Reached XP level 3. HP: 24/31 MP: 3/3
   841 | D:2      | Reached skill level 4 in Unarmed Combat
   865 | D:2      | Found a faded altar of an unknown god.
  1009 | D:2      | Reached XP level 4. HP: 32/38 MP: 4/4
  1099 | D:2      | Noticed Terence
  1124 | D:2      | Killed Terence
  1922 | D:2      | Found an opulent altar of Gozag.
  1942 | D:2      | Found a basalt altar of Yredelemnul.
  2028 | D:2      | Noticed Jessica
  2040 | D:2      | Killed Jessica
  2040 | D:2      | Reached XP level 5. HP: 17/45 MP: 5/5
  2345 | D:3      | Found a radiant altar of Vehumet.
  2373 | D:3      | Engulfed by a cloud of flame

Vault maps used:
D:1:      evilmike_arrival_crescent, kennysheep_another_room,
          minmay_split_cup_small
D:2:      grunt_temple_overflow_open, chequers_ecumenical_altar_twisty,
          uniq_jessica, uniq_terence
D:3:      fiery_altar_vehumet, tgw_xom, uniq_sigmund

Skill      XL: |  1  2  3 |
---------------+----------+-----
Stealth        | 2 3 |  3.7
Unarmed Combat | 4 |  4.8
Fighting       | |  3.2
Dodging        | |  2.6

Action                   |  1- 3 |  4- 6 || total
-------------------------+-------+-------++-------
Melee: Unarmed           |   135 |    71 ||   206
       Tailslap          |    17 |    11 ||    28
 Stab: Sleeping          |     4 |     2 ||     6
  Eat: Chunk             |       |     5 ||     5
Armor: Skin              |    40 |     8 ||    48
Dodge: Dodged            |   113 |    47 ||   160

Table legend:
 A = Spawn XP
 B = Non-spawn XP
 C = Spawn XP percentage of total XP
 D = Spawn monster count
 E = Non-spawn monster count
 F = Spawn count percentage of total count
 G = Total turns spent on level
                    A         B        C        D         E        F      G
               +---------+---------+-------+---------+---------+-------+---------
         Total |      17 |     214 |   7.4 |       8 |      52 |  13.3 |  2373
               +---------+---------+-------+---------+---------+-------+---------
           D:1 |       6 |      40 |  13.0 |       3 |      21 |  12.5 |   615
           D:2 |      11 |     165 |   6.2 |       5 |      26 |  16.1 |  1680
           D:3 |       0 |       9 |   0.0 |       0 |       5 |   0.0 |    78
               +---------+---------+-------+---------+---------+-------+---------
